 Dungeon Crawl Stone Soup version 0.18-a0-1159-gf481d65 (webtiles) character file.

1695 Arkorax the Nimble (level 8, 0/42 HPs)
             Began as a Spriggan Enchanter on Jan 23, 2016.
             Was an Initiate of Gozag.
             Slain by Pikel
             ... wielding a +1 whip of flaming
              (13 damage)
             ... on level 7 of the Dungeon on Jan 24, 2016.
             The game lasted 00:17:10 (6200 turns).

Arkorax the Nimble (Spriggan Enchanter)             Turns: 6200, Time: 00:17:10

Health: 0/42       AC:  3    Str:  5    XL:     8   Next: 72%
Magic:  13/13      EV: 26    Int: 16    God:    Gozag
Gold:   345        SH:  0    Dex: 18    Spells: 4 memorised, 3 levels left

rFire  x . .     SeeInvis +     G - +6 dagger (venom)
rCold  + . .     Gourm    .     C - +0 robe
rNeg   . . .     Faith    .     (shield restricted)
rPois  .         Spirit   .     (helmet restricted)
rElec  .         Dismiss  .     v - +0 cloak
rCorr  .         Reflect  .     (gloves unavailable)
SustAt .         Harm     .     (boots unavailable)
MR     +....                    k - amulet of rage
Stlth  ++++......               x - ring of ice (curse)
                                I - ring of wizardry

@: very quick, somewhat resistant to hostile enchantments, stealthy
A: unfitting armour, see invisible, herbivore 3, speed 3, slow metabolism 2
a: Potion Petition, Call Merchant, Bribe Branch, Renounce Religion, Evoke
Berserk Rage


You were on level 7 of the Dungeon.
You worshipped Gozag.
Gozag was noncommittal.
You were full.

You visited 2 branches of the dungeon, and saw 8 of its levels.

You collected 583 gold pieces.
You spent 135 gold pieces at shops.
You paid 103 gold pieces to Gozag.

Inventory:

Hand Weapons
 a - a +1 dagger
 D - a +0 rapier
 G - a +6 dagger of venom (weapon)
 H - a +2 blowgun of evasion
Armour
 b - a +1 robe
 v - a +0 cloak (worn)
 C - a +0 robe (worn)
Jewellery
 k - an amulet of rage (around neck)
 m - an uncursed ring of protection from fire
 x - a cursed ring of ice (right hand)
 y - a +4 ring of strength
 I - a ring of wizardry (left hand)
Wands
 n - a wand of magic darts (14/48)
 u - a wand of paralysis (24/24)
 F - a wand of paralysis (8/24)
Scrolls
 e - 4 scrolls of noise
 h - 7 scrolls of remove curse
 i - 3 scrolls of teleportation
 l - a scroll of immolation
 o - 2 scrolls of magic mapping
 J - a scroll of vulnerability {unknown}
Potions
 f - 6 potions of curing
 g - 3 potions of invisibility {unknown}
 p - a potion of haste {unknown}
 q - a potion of flight
 s - 2 potions of lignification
 w - a potion of might {unknown}
 z - a potion of brilliance {unknown}
 A - a potion of mutation {unknown}
 B - a potion of cancellation
 E - a potion of magic
Books
 c - a book of Maledictions

   Spells                             Type                      Level
   a - Corona                         Hexes                        1
   b - Ensorcelled Hibernation        Hexes/Ice                    2
   c - Confuse                        Hexes                        3
   d - Tukima's Dance                 Hexes                        3
   e - Dazzling Spray                 Conjuration/Hexes            3
 r - a book of Transfigurations

   Spells                             Type                      Level
   a - Stoneskin                      Transmutation/Earth          2
   b - Irradiate                      Conjuration/Transmutation    5
   c - Statue Form                    Transmutation/Earth          6
   d - Hydra Form                     Transmutation                6
   e - Dragon Form                    Transmutation                7
 t - a book of Cantrips

   Spells                             Type                      Level
   a - Corona                         Hexes                        1
   b - Animate Skeleton               Necromancy                   1
   c - Summon Small Mammal            Summoning                    1
   d - Apportation                    Translocation                1
Comestibles
 d - 6 bread rations
 j - 9 slices of pizza


   Skills:
 + Level 3.9 Fighting
 - Level 1.1 Short Blades
 + Level 9.9 Dodging
 - Level 6.5 Stealth
 - Level 2.6 Spellcasting
 + Level 9.0 Hexes


You had 3 spell levels left.
You knew the following spells:

 Your Spells              Type           Power        Failure   Level  Hunger
a - Corona                Hex            ####...      1%          1    #......
b - Ensorcelled Hibernat  Hex/Ice        ###...       2%          2    ##.....
c - Confuse               Hex            ####....     1%          3    ###....
d - Tukima's Dance        Hex            ####....     1%          3    ###....


Dungeon Overview and Level Annotations

Branches:
Dungeon (7/15)             Temple (1/1) D:5

Altars:
Ashenzari
Cheibriados
Dithmenos
Elyvilon
Fedhas
Gozag
Kikubaaqudgha
Makhleb
Nemelex Xobeh
Okawaru
Pakellas
Qazlal
Ru
Sif Muna
Trog
Vehumet
Xom
Yredelemnul
Zin
The Shining One

Shops:
D:5 (

Annotations:
D:7 Pikel


Innate Abilities, Weirdness & Mutations

You are tiny and cannot use many weapons and most armour.
You have supernaturally acute eyesight.
You are a herbivore.
You cover ground extremely quickly.
You need consume almost no food.


Message History

You hit Pikel but do no damage. Pikel hits you with a whip of flaming.
Pikel burns you.
You hit Pikel.
Pikel looks even sicker.
Pikel is lightly wounded.
Pikel barely misses you. Pikel hits you with a whip of flaming!
Pikel burns you.
You hit Pikel.
Pikel is lightly wounded.
Pikel misses you.
You hit Pikel.
Pikel is moderately wounded.
Pikel completely misses you. Pikel misses you.
You hit Pikel.
Pikel is moderately wounded.
Pikel closely misses you.
You hit Pikel but do no damage.
Pikel is moderately wounded.
Pikel hits you with a whip of flaming!
You die...
Your body crumbles into a pile of gold.

......# #.#.........##.#.#
#####.# #.##...[.##.##.#.#
....#.# #.##.....##.##.#.#######.
....#.# #.##.....##.##.#.........
....#.# #.#########.##.#...######
....#.###.# #.........(....
....#.....###### #........######
#......###.....####........######
#......'.......'@K...............
#......###.....#####..........≈..
#......# #.....# #..p..........
#......# #.....# #..K..........
#......# #.....# #.............
#......# ####### #......#######
#......# #......# ########
#......# ########


You could see Pikel (berserk).

Vanquished Creatures
  A two-headed ogre (D:6)
  A hog (D:7)
  A yak (D:7)
  A human (D:7)
  Duvessa (D:7)
  A sky beast (D:7)
  4 slaves (D:7)
  A giant frog (D:6)
  Dowan (D:7)
  3 scorpions
  2 crimson imps (D:6)
  A jelly (D:7)
  4 orc wizards (D:3)
  2 centaur skeletons (D:4)
  2 iguanas
  5 worker ants
  2 sheep (D:7)
  Robin (D:2)
  A worker ant zombie (D:5)
  2 adders (D:2)
  4 oozes
  2 adder skeletons
  7 giant geckos
  6 orcs
  2 ball pythons
  10 bats
  4 giant cockroaches
  16 goblins
  8 hobgoblins
  6 jackals
  5 kobolds
  2 quokkas
  A giant gecko zombie (D:6)
  4 giant newts
  5 rats
119 creatures vanquished.

Notes
Turn   | Place    | Note
--------------------------------------------------------------
     0 | D:1      | Arkorax the Spriggan Enchanter began the quest for the Orb.
     0 | D:1      | Reached XP level 1. HP: 9/9 MP: 5/5
   207 | D:1      | Reached XP level 2. HP: 13/13 MP: 6/6
   211 | D:1      | Learned a level 2 spell: Ensorcelled Hibernation
   899 | D:2      | Reached XP level 3. HP: 16/16 MP: 5/8
  1033 | D:2      | Found a stormy altar of Qazlal.
  1379 | D:2      | Reached skill level 5 in Stealth
  1447 | D:2      | Learned a level 3 spell: Confuse
  1586 | D:3      | Noticed a scorpion
  1591 | D:3      | Noticed Robin
  1604 | D:2      | Killed a scorpion
  1604 | D:2      | Reached skill level 5 in Hexes
  1604 | D:2      | Reached XP level 4. HP: 21/21 MP: 5/9
  1768 | D:2      | Killed Robin
  1980 | D:3      | Reached skill level 5 in Dodging
  2140 | D:3      | Reached XP level 5. HP: 18/24 MP: 0/10
  2449 | D:3      | Reached skill level 6 in Hexes
  2688 | D:3      | Reached XP level 6. HP: 25/28 MP: 11/11
  3394 | D:4      | Upgraded the game from 0.18-a0-1155-g296dcbc to 0.18-a0-1159-gf481d65
  3693 | D:5      | Entered Level 5 of the Dungeon
  3852 | D:5      | Reached skill level 7 in Dodging
  3966 | D:5      | Found a staircase to the Ecumenical Temple.
  4011 | D:5      | Reached XP level 7. HP: 14/32 MP: 5/12
  4039 | Temple   | Entered the Ecumenical Temple
  4234 | Temple   | Became a worshipper of Gozag Ym Sagoz the Greedy
  4364 | D:5      | Found Zuwnumom's Antique Weapon Shoppe.
  4373 | D:5      | Bought a runed dagger for 60 gold pieces
  4373 | D:5      | Bought a glowing blowgun for 75 gold pieces
  4543 | D:5      | Learned a level 3 spell: Tukima's Dance
  4636 | D:6      | Reached skill level 1 in Fighting
  4700 | D:6      | Noticed a two-headed ogre
  4718 | D:6      | Killed a two-headed ogre
  4718 | D:6      | Reached skill level 8 in Dodging
  5124 | D:6      | Found a deep blue altar of Sif Muna.
  5194 | D:6      | Identified a scroll of acquirement
  5243 | D:6      | Found a glowing golden altar of the Shining One.
  5327 | D:7      | Noticed Duvessa
  5327 | D:7      | Noticed Dowan
  5366 | D:7      | Killed Duvessa
  5366 | D:7      | Reached XP level 8. HP: 27/39 MP: 3/13
  5384 | D:7      | Killed Dowan
  5659 | D:7      | Reached skill level 9 in Dodging
  6161 | D:7      | Noticed Pikel
  6200 | D:7      | Slain by Pikel

Vault maps used:
D:1:      minmay_arrival_floating_metal
D:2:      lemuel_coloured_pillars_altar
D:3:      first_bread, grunt_ministairs_6, uniq_robin
D:5:      minmay_temple_entry_overgrown, serial_shops, shop, hex_tiny
D:6:      marbit_many_paths, lemuel_blue_sif_altar
D:7:      grunt_livestock, uniq_duvessa, uniq_pikel
Temple:   nicolae_temple_no_exploring_needed

Action                   |  1- 3 |  4- 6 |  7- 9 || total
-------------------------+-------+-------+-------++-------
Melee: Dagger            |   162 |   330 |   167 ||   659
 Cast: Ensorcelled Hiber |     2 |       |       ||     2
       Confuse           |     1 |    20 |    12 ||    33
       Corona            |       |       |     1 ||     1
  Use: Potion            |       |     1 |       ||     1
       Scroll            |       |       |    15 ||    15
 Stab: Sleeping          |    13 |     5 |     7 ||    25
       Confused          |     1 |     9 |     3 ||    13
       Distracted        |       |     1 |       ||     1
  Eat: Bread ration      |       |     1 |     1 ||     2
